 Dungeon Crawl Stone Soup version 0.30.1-4-g462c640d31 (webtiles) character file.

Game seed: 6445912269941995639

114 leafyfresh the Covert (level 4, -6/41 HPs)
             Began as a Gnoll Delver on Aug 10, 2023.
             Killed from afar by an orc wizard (7 damage)
             ... with a magic dart
             ... on level 4 of the Dungeon.
             The game lasted 00:01:10 (459 turns).

leafyfresh the Covert (Gnoll Delver)                 Turns: 459, Time: 00:01:10

Health: -6/41      AC:  3    Str: 11    XL:     4   Next: 98%
Magic:  6/6        EV: 13    Int: 11    God:
Gold:   20         SH:  0    Dex: 14    Spells: 5/5 levels left

rFire   . . .        a - +0 short sword
rCold   . . .        (no shield)
rNeg    . . .        b - +0 leather armour
rPois   .            (no helmet)
rElec   .            (no cloak)
rCorr   .            (no gloves)
SInv    .            (no boots)
Will    .....        (no amulet)
Stlth   ++++         (no ring)
HPRegen 0.26/turn    (no ring)
MPRegen 0.10/turn

%: no passive effects
@: no status effects
A: fangs 1, strong nose, distributed training
a: no special abilities


You were on level 4 of the Dungeon.
You visited 1 branch of the dungeon, and saw 2 of its levels.

You collected 20 gold pieces.

Inventory:

Hand Weapons
 a - a +0 short sword (weapon)
Missiles
 h - 2 javelins (quivered)
Armour
 b - a +0 leather armour (worn)
Wands
 g - a wand of digging (3)
 i - a wand of flame (25)
Scrolls
 c - a scroll of fog
 d - a scroll of magic mapping
 e - a scroll of fear
 j - a scroll of enchant armour {unknown}
 k - a scroll of silence {unknown}


   Skills:
 + Level 6.6 Fighting
 + Level 4.7 Short Blades
 + Level 1.3 Long Blades
 + Level 1.3 Axes
 + Level 1.3 Maces & Flails
 + Level 1.3 Polearms
 + Level 1.3 Staves
 + Level 1.3 Ranged Weapons
 + Level 1.3 Throwing
 + Level 1.3 Armour
 + Level 4.7 Dodging
 + Level 9.6 Stealth
 + Level 1.3 Shields
 + Level 1.3 Unarmed Combat
 + Level 1.3 Spellcasting
 + Level 1.1 Conjurations
 + Level 1.1 Hexes
 + Level 1.1 Summonings
 + Level 1.1 Necromancy
 + Level 1.1 Translocations
 + Level 1.1 Transmutations
 + Level 1.1 Fire Magic
 + Level 1.1 Ice Magic
 + Level 1.1 Air Magic
 + Level 1.1 Earth Magic
 + Level 1.1 Poison Magic
 + Level 1.5 Invocations
 + Level 1.3 Evocations


You had 5 spell levels left.
You didn't know any spells.
Your spell library was empty.

Dungeon Overview and Level Annotations

Branches:
Dungeon (5/15)
 Temple: D:4-7

Altars:


Innate Abilities, Weirdness & Mutations

You have very sharp teeth.
Your uncanny sense of smell can sniff out nearby items.
Your experience applies equally to all skills.


Message History

* * * LOW HITPOINT WARNING * * *
A hobgoblin comes into view.
Found 4 gold pieces.
Found a scroll labelled WIASER MERHO.
The hobgoblin shouts!
Your extra speed is starting to run out.
A kobold and a hound come into view.
Found 5 gold pieces and a scroll labelled KYSUNO KYHONG.
The kobold shouts!
The hound barks!
You hear an angry hiss.
A ball python comes into view.
You feel yourself slow down.
An ufetubus comes into view.
The hound bites you. The hound attacks as you move away! The hound bites you.
* * * LOW HITPOINT WARNING * * *
Found a scroll labelled UCOQYT ZITO.
The hound closely misses you.
Found a sedimented silvery potion.
The hound bites you but does no damage. The hound attacks as you move away!
The hound barely misses you.
You see here a sedimented silvery potion.
The hound barely misses you. The hound bites you.
* * * LOW HITPOINT WARNING * * *
The hound closely misses you. The hound bites you.
* * * LOW HITPOINT WARNING * * *
The hound attacks as you move away! The hound misses you. The hound bites you.
* * * LOW HITPOINT WARNING * * *
The hound barely misses you. The hound attacks as you move away!
The hound misses you. The hound attacks as you move away!
The hound closely misses you. The hound bites you.
* * * LOW HITPOINT WARNING * * *
The hound attacks as you move away! The hound bites you.
* * * LOW HITPOINT WARNING * * *
The orc wizard shouts!
You hear a shout!
The orc wizard casts a spell at you. The magic dart hits you!
You die...

####### #.....#
#.###.######
#5..#..5...#
###.!##.h..##
##oK..#@..##
###...?.....#
#Ko.###...#.#
###o#.#∆ .#.# .
#...o.#.#.....
##.#.....S...#..
###.....##.##.....#
#.K.###.#...#.## ..
#.#.#∆....∆... ∆


You could see a hound, an orc wizard, an orc, an ufetubus and a kobold.

Vanquished Creatures
  A hound (D:5)
  A sleepcap (D:5)
  An iguana (D:5)
  An orc wizard (D:5)
  4 orcs (D:5)
  A quokka (D:5)
9 creatures vanquished.

Notes
Turn   | Place    | Note
-------+----------+-------------------------------------------
     0 | D:5      | Reached skill level 9 in Stealth
     0 | D:5      | leafyfresh the Gnoll Delver began the quest for the Orb.
     0 | D:5      | Reached XP level 1. HP: 23/23 MP: 1/1
     1 | D:5      | Noticed an iguana
     9 | D:5      | Killed an iguana
    10 | D:5      | Reached XP level 2. HP: 29/29 MP: 2/2
    10 | D:5      | Reached XP level 3. HP: 35/35 MP: 3/3
    30 | D:5      | Reached skill level 1 in Long Blades
    30 | D:5      | Reached skill level 1 in Axes
    30 | D:5      | Reached skill level 1 in Maces & Flails
    30 | D:5      | Reached skill level 1 in Polearms
    30 | D:5      | Reached skill level 1 in Staves
    30 | D:5      | Reached skill level 1 in Ranged Weapons
    30 | D:5      | Reached skill level 1 in Throwing
    30 | D:5      | Reached skill level 1 in Armour
    30 | D:5      | Reached skill level 1 in Shields
    30 | D:5      | Reached skill level 1 in Unarmed Combat
    30 | D:5      | Reached skill level 1 in Spellcasting
    30 | D:5      | Reached skill level 1 in Invocations
    30 | D:5      | Reached skill level 1 in Evocations
   100 | D:5      | Reached XP level 4. HP: 41/41 MP: 5/5
   117 | D:5      | Reached skill level 1 in Conjurations
   117 | D:5      | Reached skill level 1 in Hexes
   117 | D:5      | Reached skill level 1 in Summonings
   117 | D:5      | Reached skill level 1 in Necromancy
   117 | D:5      | Reached skill level 1 in Translocations
   117 | D:5      | Reached skill level 1 in Transmutations
   117 | D:5      | Reached skill level 1 in Fire Magic
   117 | D:5      | Reached skill level 1 in Ice Magic
   117 | D:5      | Reached skill level 1 in Air Magic
   117 | D:5      | Reached skill level 1 in Earth Magic
   117 | D:5      | Reached skill level 1 in Poison Magic
   458 | D:4      | HP: 2/41 [hound (2)]
   459 | D:4      | Killed from afar by an orc wizard

Illustrated notes

Levels and vault maps discovered:
D:4:      layout_rooms, temple_pool_b, minmay_fractal_squares_5
D:5:      layout_rooms, kennysheep_little_box, nicolae_stop_n_shop_1,
          corner_web_ring, grunt_decor_one_mirror, uniq_prince_ribbit1

Skill      XL: |  1  2  3  4 |
---------------+-------------+-----
Stealth        | |  9.6
Long Blades    | 1 |  1.3
Axes           | 1 |  1.3
Maces & Flails | 1 |  1.3
Polearms       | 1 |  1.3
Staves         | 1 |  1.3
Ranged Weapons | 1 |  1.3
Throwing       | 1 |  1.3
Armour         | 1 |  1.3
Shields        | 1 |  1.3
Unarmed Combat | 1 |  1.3
Spellcasting   | 1 |  1.3
Invocations    | 1 |  1.5
Evocations     | 1 |  1.3
Conjurations   | 1 |  1.1
Hexes          | 1 |  1.1
Summonings     | 1 |  1.1
Necromancy     | 1 |  1.1
Translocations | 1 |  1.1
Transmutations | 1 |  1.1
Fire Magic     | 1 |  1.1
Ice Magic      | 1 |  1.1
Air Magic      | 1 |  1.1
Earth Magic    | 1 |  1.1
Poison Magic   | 1 |  1.1
Fighting       | |  6.6
Short Blades   | |  4.7
Dodging        | |  4.7

Action                     |  1- 3 |  4- 6 || total
---------------------------+-------+-------++-------
  Melee: Short sword       |     3 |    44 ||    47
         Punch             |       |     1 ||     1
         Bite              |       |     1 ||     1
    Use: Potion            |       |     1 ||     1
   Stab: Sleeping          |     3 |       ||     3
 Armour: Leather armour    |       |     5 ||     5
  Dodge: Dodged            |       |    37 ||    37
